[Event "BL 2024-25"]
[Site "Austria"]
[Date "2024.10.12"]
[Round "4.10"]
[White "Froewis, Georg"]
[Black "Stalmach, Richard"]
[Result "1-0"]
[Annotator "TA"]
[ECO "E99"]
[WhiteElo "2429"]
[BlackElo "2433"]
[PlyCount "79"]
[EventDate "2024.08.28"]
[EventType "team-tourn"]
[EventCountry "AUT"]
[SourceTitle "playchess.com"]
[Source "ChessBase"]
[SourceQuality "1"]
[WhiteTeam "Ottakring"]
[BlackTeam "Mistelbach"]
[TimeControl "40/5400+30:1800+30"]

1. Nf3 Nf6 2. c4 g6 3. Nc3 Bg7 4. e4 d6 5. d4 O-O 6. Be2 e5 7. O-O Nc6 8. d5 Ne7 9. Ne1 Nd7 10. Nd3 f5 11. f3 f4 12. Bd2 g5 13. Rc1 Kh8 14. Kh1 h5 15. Rg1 Ng6 {[%emt 0:05:50] White is slightly better.} 16. g3 (16. b4 $14) 16... fxg3 (16... Bf6 $11) 17. hxg3 $14 Rf7 18. Rg2 {[%emt 0:01:44][%cal Of3f4] Hoping for f4!} Bf6 $1 19. Qg1 {[%emt 0:15:25] White is more active.} Rh7 20. Rh2 c5 {[%emt 0:06:08] White stays focused until the end.} ({Better is} 20... Qe7 $14) 21. f4 $18 exf4 22. gxf4 g4 23. Rf1 (23. f5 $142 Ngf8 24. Rf1) 23... Qe7 {[%emt 0:03:51] [#]} (23... Bd4 $16 {is a better defense.} 24. Be3 Bxc3) 24. e5 $1 dxe5 25. f5 $36 {[%emt 0:00:08][%mdl 2048] White is in control.} Nh4 (25... Ngf8 {was worth a try.} 26. Ne4 b6) 26. Ne4 Nb6 $2 (26... b5) 27. Bc3 {[%emt 0:05:48] Threatens to win with Nxf6.} Na4 28. Be1 (28. Ndxc5 Nxc5 (28... Bxf5 $2 29. Qg3 $18) 29. d6 (29. Qxc5 Qxc5 30. Nxc5 Nxf5 $18) 29... Bxf5 30. Rxf5 (30. dxe7 $2 Bxe4+ $19) 30... Nxe4 $18) 28... Bxf5 29. Nxf6 (29. Ndxc5 Nxc5 30. Nxf6 Qxf6 $11) 29... Nf3 30. Bxf3 Qxf6 31. Bh4 ({Inferior is} 31. Nxc5 Nxc5 32. Bg2 (32. Qxc5 gxf3 33. Bh4 Qg6 $11) 32... Nd3 $11) 31... Qh6 32. Be2 Be4+ {[%emt 0:00:05] [#]} 33. Rg2 $1 Rf8 (33... Re8 34. Kh2) 34. Rxf8+ Qxf8 {[%emt 0:00:01] [#]} 35. Qe3 $1 Qf5 {[%emt 0:00:03] [#]} 36. Kh2 $1 Bxg2 37. Kxg2 e4 38. Nf2 Rf7 39. Nxe4 {[%emt 0:00:46] Black must now prevent Nd6.} Nxb2 (39... Qf4 $142 40. Bg5 (40. Qxf4 Rxf4 41. Nf6 g3 $18) 40... Qxe3 41. Bxe3 Nb6) 40. Nd6 {[%emt 0:00:43] Weighted Error Value: White=0.52/Black=0.43.  Mistake:       	White=2     	Black=6      Inaccurate:     	---       	Black=3      OK:         	White=9     	Black=12     Best:        	White=1     	Black=1      Strong:       	---       	Black=1      Brilliant:      	White=2     	---} 1-0

[Event "BL 2024-25"]
[Site "Austria"]
[Date "2024.10.12"]
[Round "4.11"]
[White "Haba, Petr"]
[Black "Balint, Peter"]
[Result "1/2-1/2"]
[Annotator "TA"]
[ECO "D33"]
[WhiteElo "2422"]
[BlackElo "2375"]
[PlyCount "60"]
[EventDate "2024.08.28"]
[EventType "team-tourn"]
[EventCountry "AUT"]
[SourceTitle "playchess.com"]
[Source "ChessBase"]
[SourceQuality "1"]
[WhiteTeam "Mistelbach"]
[BlackTeam "Ottakring"]
[TimeControl "40/5400+30:1800+30"]

1. c4 Nf6 2. Nc3 c5 3. g3 e6 4. Nf3 d5 5. cxd5 exd5 6. d4 Nc6 7. Bg2 cxd4 8. Nxd4 Bc5 9. Nb3 Bb6 10. O-O d4 11. Na4 O-O 12. Bg5 Re8 13. Re1 h6 14. Bxf6 Qxf6 15. Nxb6 axb6 16. Bxc6 bxc6 17. Qxd4 Qd8 18. Qxd8 Rxd8 {[%emt 0:00:30] The position is equal.} 19. Rad1 Rxd1 20. Rxd1 $11 {[%emt 0:00:30][%mdl 4096] [#] Endgame. Rd8+ would now be deadly. KRB-KRN} Be6 $1 21. Nc1 Bxa2 22. Nxa2 Rxa2 {[%emt 0:00:30] KR-KR} 23. Rd8+ Kh7 24. Rd6 Rxb2 25. Rxc6 Rxe2 26. Rxb6 g6 27. h4 h5 28. Kg2 Kg7 29. Ra6 Rb2 30. Rc6 Ra2 {[%emt 0:00:30] Weighted Error Value: White=0.03 (flawless) /Black=0.01 (flawless) .  Inaccurate:     	White=1     	---        OK:         	White=11    	Black=10     Best:        	White=1     	Black=1      Strong:       	---       	Black=1} 1/2-1/2

[Event "BL 2024-25"]
[Site "Austria"]
[Date "2024.10.12"]
[Round "4.12"]
[White "Huber, Benedikt"]
[Black "Bures, Jaroslav"]
[Result "1/2-1/2"]
[Annotator "TA"]
[ECO "B11"]
[WhiteElo "2299"]
[BlackElo "2407"]
[PlyCount "100"]
[EventDate "2024.08.28"]
[EventType "team-tourn"]
[EventCountry "AUT"]
[SourceTitle "playchess.com"]
[Source "ChessBase"]
[SourceQuality "1"]
[WhiteTeam "Ottakring"]
[BlackTeam "Mistelbach"]
[TimeControl "40/5400+30:1800+30"]

1. e4 c6 2. Nf3 d5 3. Nc3 Bg4 4. h3 Bxf3 5. Qxf3 Nf6 6. Be2 dxe4 7. Nxe4 Nxe4 8. Qxe4 Qd5 {[%emt 0:00:30] White is slightly better.} 9. Qxd5 cxd5 10. d4 Nc6 11. Be3 e6 12. O-O-O h5 13. g4 hxg4 14. hxg4 Rxh1 15. Rxh1 a6 16. f4 Ne7 17. Kd2 Nc8 18. f5 Nd6 19. fxe6 fxe6 20. Bf4 Rc8 21. Bd3 Nc4+ 22. Bxc4 Rxc4 $14 {[%emt 0:00:30][%mdl 4096] Endgame. KRB-KRB} 23. Be5 {Hoping for g5.} Kf7 (23... Rc8 $1 $14) 24. Rf1+ $1 $16 Kg8 25. g5 Be7 26. g6 Bf6 27. Bxf6 ({White should try} 27. b3 $16 Rc8 28. Bd6 (28. Bxf6 Rf8 $11)) 27... gxf6 $14 28. Rxf6 {Strongly threatening c3.} Rxd4+ $16 {[%emt 0:00:30] KR-KR} 29. Kc3 Rc4+ 30. Kd3 e5 31. c3 Kg7 32. Rd6 Ra4 33. a3 Ra5 (33... Rg4 $1 $14) 34. Kc2 (34. Re6 $18) 34... e4 35. Kd2 Kh6 (35... Rb5 36. b4 d4 37. cxd4 $16 (37. Rxd4 Kxg6 38. Rxe4 Kf5 $16)) 36. Ke3 Kg7 $2 (36... Rc5 $16) 37. Kf4 $2 (37. Kd4 $1 $18 {[%cal Od6e6] and the rest is easy. And now Re6! would win.} Kh6 38. Rf6 (38. Rxd5 $2 Rxd5+ 39. Kxe4 Ra5 $19)) 37... Rc5 38. Ke3 (38. Ke5 $14) 38... Ra5 $1 $18 39. Kd4 $1 {[%cal Od6e6] Repels Rc5} Kh6 40. Re6 {White is more active.} (40. Rxd5 $2 {too greedy.} Rxd5+ 41. Kxe4 Rd2 $19) 40... Kg7 {[%emt 0:00:30] [#]} 41. a4 $1 Rxa4+ $14 42. Kxd5 {[%cal Oe6b6] Black must now prevent Rb6!} Ra2 (42... b5 $1 $14) 43. b4 $16 ({Don't play} 43. Rxe4 $6 Rxb2 44. Rb4 Rd2+ (44... Rxb4 45. cxb4 b6 46. Kc6 $11) 45. Ke5 b5 $11) 43... e3 44. Rxe3 $18 Kxg6 45. Kc5 b5 46. Rf3 {Rf8 is the strong threat.} Ra3 47. Kb6 Kg7 {[%emt 0:00:30] Prevents Rf8} 48. Rf5 Kg8 49. Kc7 $2 (49. Rf6 $18 Kg7 50. Rf3) 49... Rxc3+ $11 50. Kb6 Ra3 {[%emt 0:00:30] Weighted Error Value: White=0.37/Black=0.22 (precise) .  Loses game:     	---       	Black=2      Missed win:     	White=2     	---        Mistake:       	White=4     	Black=3      Inaccurate:     	---       	Black=1      OK:         	White=10    	Black=15     Best:        	White=5     	Black=8      Strong:       	White=2     	Black=1} 1/2-1/2

[Event "BL 2024-25"]
[Site "Austria"]
[Date "2024.10.12"]
[Round "4.13"]
[White "Costa, Leonardo"]
[Black "Sarana, Alexey"]
[Result "1/2-1/2"]
[Annotator "TA"]
[ECO "B90"]
[WhiteElo "2472"]
[BlackElo "2717"]
[PlyCount "97"]
[EventDate "2024.08.28"]
[EventType "team-tourn"]
[EventCountry "AUT"]
[SourceTitle "playchess.com"]
[Source "ChessBase"]
[SourceQuality "1"]
[WhiteTeam "Maria Saal"]
[BlackTeam "Linz"]
[TimeControl "40/5400+30:1800+30"]

1. e4 c5 2. Nf3 d6 3. d4 Nf6 4. Nc3 cxd4 5. Nxd4 a6 6. Rg1 g6 7. g4 Nc6 8. g5 Nd7 9. h4 {[%emt 0:00:02][%cal Bh2h4,Bh4h5][%mdl 32] White is slightly better.} h6 10. h5 {[%emt 0:20:43] aiming for hxg6.} Nxd4 11. Qxd4 Ne5 12. Be2 {[%emt 0:03:21] [#] Against Nf3+. Threatens to win with f4.} hxg5 13. hxg6 (13. Rxg5 Bg7 14. Qd1 (14. f4 $2 Nf3+ 15. Bxf3 Bxd4 $19) 14... Be6 $17) 13... Bg7 {[%emt 0:02:05][%cal Oe5f3] And now ...Nf3+! would win.} 14. gxf7+ (14. Bxg5 $2 Nf3+ (14... fxg6 $2 15. O-O-O $18) 15. Bxf3 Bxd4 $19) 14... Kxf7 {[%emt 0:01:06][%cal Oe5f3] ...Nf3+! would now be deadly.} 15. Qd1 (15. Bxg5 $2 Nf3+ 16. Bxf3 Bxd4 $19) 15... g4 16. Be3 Be6 17. Nd5 Rc8 18. c3 Bf6 {[%emt 0:07:02] Inhibits Bg5.} (18... Rh4 $11) 19. Nf4 (19. Qc2 $14) 19... Qd7 $1 $11 20. Bd4 {[%emt 0:03:37] [#] Black must now prevent Bxe5.} Rcg8 $1 (20... Rh4 21. Bxe5 Bxe5 22. Nxe6 Qxe6 23. Bxg4 Bxc3+ 24. bxc3 $11) 21. Bxe5 Bxe5 22. Nxe6 Qxe6 23. Qa4 {[%emt 0:01:24] Bc4 is the strong threat.} (23. Bxg4 $2 {is the wrong capture.} Rxg4 24. Qxg4 Qxg4 25. Rxg4 Rh1+ 26. Kd2 Rxa1 $19) (23. Qb3 {simplifies} Qxb3 24. axb3 g3 25. fxg3 Rxg3 26. Rxg3 Bxg3+ 27. Kd2) 23... Qc8 24. O-O-O Rg6 25. Rg2 Rh4 26. Rdg1 Bh2 27. Rf1 Bf4+ 28. Kb1 b5 29. Qd1 Qe6 30. Bd3 ({Not} 30. f3 $2 g3 31. Re1 Rh2 $19) 30... Rg5 31. Rh1 Rxh1 32. Qxh1 Qg6 33. Bc2 Be5 34. Qd1 e6 35. Qe2 Qf6 36. a3 Qf4 37. Bd1 Ke7 38. Rxg4 Rxg4 39. Qxg4 Qxf2 {[%emt 0:02:34][%mdl 4096] Endgame. KQB-KQB} 40. Bb3 d5 $1 41. exd5 Qf5+ 42. Qxf5 exf5 {[%emt 0:00:05] KB-KB} 43. Bd1 Kd6 44. Bf3 a5 45. a4 bxa4 {[%emt 0:00:20] The position is equal.} 46. Ka2 Bf4 47. Ka3 Bc1 48. Kxa4 Bxb2 49. Kxa5 {[%emt 0:00:05] Weighted Error Value: White=0.07 (flawless) /Black=0.09 (flawless) .  Mistake:       	White=1     	Black=1      Inaccurate:     	White=3     	Black=4      OK:         	White=17    	Black=16     Best:        	White=2     	Black=2      Strong:       	---       	Black=3} 1/2-1/2

[Event "BL 2024-25"]
[Site "Austria"]
[Date "2024.10.12"]
[Round "4.14"]
[White "Andreikin, Dmitry"]
[Black "Naumann, Alexander"]
[Result "1-0"]
[Annotator "TA"]
[ECO "A28"]
[WhiteElo "2729"]
[BlackElo "2487"]
[PlyCount "65"]
[EventDate "2024.08.28"]
[EventType "team-tourn"]
[EventCountry "AUT"]
[SourceTitle "playchess.com"]
[Source "ChessBase"]
[SourceQuality "1"]
[WhiteTeam "Linz"]
[BlackTeam "Maria Saal"]
[TimeControl "40/5400+30:1800+30"]

1. c4 Nf6 2. Nc3 e5 3. Nf3 Nc6 4. e4 Bb4 5. d3 d6 6. a3 Bxc3+ 7. bxc3 Ne7 8. Nh4 {[%emt 0:07:55] The position is equal.} Nd7 9. g3 O-O 10. Bg2 f5 11. exf5 Nxf5 12. Nxf5 Rxf5 13. O-O Rf8 14. f4 c6 15. f5 {[%emt 0:11:23] White is more active.} Nf6 16. g4 h6 17. h3 d5 18. cxd5 cxd5 19. Ra2 (19. Rb1 $16) 19... Qb6+ 20. Kh1 Bd7 21. Rb2 (21. h4 $1 $16) 21... Qc7 $2 {[%emt 0:03:46] Black cannot hold the game after this.} (21... Qa6 $1 $11 {and Black has nothing to worry.}) 22. h4 $1 $18 {[%emt 0:00:53] Black must now prevent g5.} h5 23. g5 ({But not} 23. gxh5 $6 Rf7 $16) 23... Ng4 24. Bxd5+ Kh8 25. Rxb7 Qd6 {[%emt 0:00:30] [#]} 26. Rxd7 $1 Qxd7 27. Bxa8 $40 {[%emt 0:00:53][%mdl 128] White goes for the king.} Rxa8 28. Qf3 Rd8 {[%emt 0:04:45] [#]} (28... Rf8 29. g6 Qd6) 29. f6 $1 {[%emt 0:01:35] Threatens to win with f7.} gxf6 30. gxf6 Rf8 31. Bg5 Kg8 32. Kg1 Qf7 (32... Qe6 $142 33. c4 Qb6+ 34. Kh1 Qb2 35. Qd5+ (35. f7+ Kg7 $18) 35... Rf7 36. Qa8+ Kh7 37. Qe4+ Kh8) 33. c4 {[%emt 0:02:32] Weighted Error Value: White=0.15 (very precise) /Black=0.36.  Loses game:     	---       	Black=1      Mistake:       	White=2     	Black=2      Inaccurate:     	White=1     	Black=4      OK:         	White=11    	Black=5      Best:        	White=2     	Black=1      Strong:       	White=2     	---        Brilliant:      	White=1     	---} 1-0

[Event "BL 2024-25"]
[Site "Austria"]
[Date "2024.10.12"]
[Round "4.15"]
[White "Halvax, Georg"]
[Black "Vitiugov, Nikita"]
[Result "0-1"]
[Annotator "TA"]
[ECO "D30"]
[WhiteElo "2443"]
[BlackElo "2667"]
[PlyCount "74"]
[EventDate "2024.08.28"]
[EventType "team-tourn"]
[EventCountry "AUT"]
[SourceTitle "playchess.com"]
[Source "ChessBase"]
[SourceQuality "1"]
[WhiteTeam "Maria Saal"]
[BlackTeam "Linz"]
[TimeControl "40/5400+30:1800+30"]

1. d4 Nf6 2. c4 e6 3. Nf3 d5 4. e3 Be7 5. a3 O-O 6. Nbd2 b6 7. Bd3 c5 8. dxc5 {[%emt 0:00:28] The position is equal.} bxc5 9. b3 a5 10. O-O Bb7 11. Bb2 Nbd7 12. Qc2 a4 13. b4 cxb4 14. axb4 {[%emt 0:00:31] [#] aiming for c5.} Bxb4 15. Rxa4 Rxa4 16. Qxa4 Bxd2 17. Nxd2 Nc5 18. Qc2 (18. Qb4 $11 Nxd3 19. Qxb7) 18... Nxd3 $15 19. Qxd3 dxc4 20. Qc3 Qd5 {[%emt 0:05:04][%csl Gb7][%cal Rd5g2] [#]} 21. f3 $1 Rd8 22. Ne4 Ne8 ({Stronger than} 22... Nxe4 23. Qxg7#) 23. Qb4 {[%emt 0:02:12] Inhibits Qb5.} h6 24. Nc5 Bc6 25. Bc3 (25. e4 $11 {remains equal.} Qd2 26. Qxd2 Rxd2 27. Be5) 25... Qg5 $17 26. e4 Rc8 27. Bd4 Qd8 $36 {[%emt 0:03:07][%mdl 2048] Black has good play.} 28. Bf2 Rb8 29. Qc3 Qd6 30. Na6 Ra8 31. Nc5 Nc7 32. Qc2 Qe5 (32... Bb5 $5) 33. Qc1 {[%emt 0:00:53] White is weak on the light squares} (33. Qxc4 $2 {is the wrong capture.} Bb5 34. Nd3 Qd6 $19 (34... Bxc4 $2 35. Nxe5 Bxf1 36. Kxf1 $19)) (33. Rc1 $17 {was called for.}) 33... Rd8 (33... c3 $19 34. Qc2 Rd8) 34. Re1 (34. Qxc4 $2 {perishes.} Bb5 35. Bg3 Qf6 $19 (35... Bxc4 $2 36. Bxe5 Bxf1 37. Bxc7 $19) (35... Qxg3 $2 36. Qxb5 Qg5 37. f4 $17)) (34. h4 $17) 34... c3 $19 35. Rd1 (35. Kh1 {is a better defense.}) 35... Rxd1+ 36. Qxd1 Qg5 {[%emt 0:00:07] Prevents Be3.} 37. Nd3 Qd2 {[%emt 0:00:47] Weighted Error Value: White=0.24 (precise) /Black=0.10 (very precise) .  Mistake:       	White=5     	Black=1      Inaccurate:     	White=1     	Black=2      OK:         	White=10    	Black=14     Best:        	---       	Black=4      Strong:       	White=1     	---} 0-1

[Event "BL 2024-25"]
[Site "Austria"]
[Date "2024.10.12"]
[Round "4.16"]
[White "Rodshtein, Maxim"]
[Black "Bauer, Sebastian"]
[Result "1-0"]
[Annotator "TA"]
[ECO "E90"]
[WhiteElo "2613"]
[BlackElo "2334"]
[PlyCount "55"]
[EventDate "2024.08.28"]
[EventType "team-tourn"]
[EventCountry "AUT"]
[SourceTitle "playchess.com"]
[Source "ChessBase"]
[SourceQuality "1"]
[WhiteTeam "Linz"]
[BlackTeam "Maria Saal"]
[TimeControl "40/5400+30:1800+30"]

1. d4 Nf6 2. c4 g6 3. Nc3 Bg7 4. e4 d6 5. h3 O-O 6. Be3 e5 7. d5 Na6 8. Nf3 Nh5 9. a3 Qe8 10. b4 f5 11. c5 {[%emt 0:07:48] White is slightly better.} f4 12. Bd2 dxc5 13. Bxa6 bxa6 14. bxc5 Nf6 15. Qe2 Kh8 16. Rb1 g5 17. Nxg5 Rg8 {[%emt 0:04:34] [#]} ({Better is} 17... c6) 18. Nf3 {[%emt 0:17:43] White is much more active.} (18. g3 $1 $16 ) 18... Bf8 $14 19. Qc4 {[%emt 0:06:26] aiming for Rh2.} Rxg2 20. Ne2 $36 {[%emt 0:00:57][%mdl 2048] White is more active. A dynamic duo of knights.} Qh5 21. Rb3 {[%emt 0:01:33][%cal Od2f4] And now Bxf4! would win.} Ng4 $2 (21... Bxh3 $2 {is the wrong capture.} 22. Nxe5 (22. Qxa6 Nxe4 23. Qc6 Rd8 $18) 22... Qxe5 23. Rbxh3 (23. Bc3 Qg5 $18) 23... Qa1+ 24. Qc1 $18) (21... Bg4 $11 22. Neg1 Bxf3 23. Nxf3 Nd7) 22. Rf1 Nh2 (22... Qxh3 23. Nxe5 Nxe5) 23. Nxh2 $18 Rxh2 {[%emt 0:00:09] [#]} 24. Nxf4 Qh4 {[%emt 0:05:31] [#]} (24... Qf7 25. Qc3) 25. d6 $1 exf4 (25... Bd7 26. dxc7) 26. Qf7 {[%emt 0:01:26][%cal Rf7f8] White mates.} Qh6 27. Bc3+ Bg7 28. Qf8# {[%emt 0:00:05] Weighted Error Value: White=0.22 (precise) /Black=1.10.  Loses game:     	---       	Black=1      Mistake:       	White=1     	Black=2      Inaccurate:     	White=2     	Black=3      OK:         	White=7     	Black=3      Best:        	White=1     	Black=2} 1-0

[Event "BL 2024-25"]
[Site "Austria"]
[Date "2024.10.12"]
[Round "4.17"]
[White "Genser, Harald"]
[Black "Shimanov, Aleksandr"]
[Result "0-1"]
[Annotator "TA"]
[ECO "B13"]
[WhiteElo "2266"]
[BlackElo "2582"]
[PlyCount "52"]
[EventDate "2024.08.28"]
[EventType "team-tourn"]
[EventCountry "AUT"]
[SourceTitle "playchess.com"]
[Source "ChessBase"]
[SourceQuality "1"]
[WhiteTeam "Maria Saal"]
[BlackTeam "Linz"]
[TimeControl "40/5400+30:1800+30"]

1. d4 d5 2. Bf4 c5 3. e3 Nc6 4. Nf3 cxd4 5. exd4 Bf5 6. c3 e6 7. Qb3 Qd7 8. Nbd2 {[%emt 0:05:14] The position is equal.} f6 9. Be2 g5 10. Bg3 h5 {[%emt 0:00:25] [#] White must now prevent ...h4.} 11. h4 (11. h3 $1 $15) 11... g4 $17 12. Nh2 Nh6 (12... Bg6 $17) 13. Nhf1 $11 e5 14. dxe5 fxe5 15. Bb5 (15. Ne3 $11) 15... Bg7 (15... a6 $1 $15 {is more appropriate.} 16. Bxc6 bxc6) 16. Ne3 a6 17. Nxf5 $2 ({White should play} 17. Qa3 $11) 17... Nxf5 $17 18. Bxc6 bxc6 ({But not} 18... Qxc6 19. O-O $15) 19. Nf1 (19. Qa3 $142) 19... O-O $19 20. Qc2 Bh6 21. Qe2 $2 (21. Bxe5 $2 {too greedy.} Rae8 22. Ne3 Rxe5 $19) (21. Bh2) 21... Rae8 22. Kd1 e4 23. Qxa6 e3 {[%emt 0:01:22] [#] Hoping for ...Qh7.} 24. fxe3 Nxe3+ 25. Nxe3 Rxe3 26. Be1 Qf5 {[%emt 0:00:11] Weighted Error Value: White=1.17/Black=0.12 (very precise) .  Mistake:       	White=5     	Black=2      Inaccurate:     	White=2     	Black=1      OK:         	White=7     	Black=7      Best:        	---       	Black=1} 0-1

[Event "BL 2024-25"]
[Site "Austria"]
[Date "2024.10.12"]
[Round "4.18"]
[White "Bacrot, Etienne"]
[Black "Hartl, Daniel"]
[Result "1-0"]
[Annotator "TA"]
[ECO "C78"]
[WhiteElo "2658"]
[BlackElo "2248"]
[PlyCount "57"]
[EventDate "2024.08.28"]
[EventType "team-tourn"]
[EventCountry "AUT"]
[SourceTitle "playchess.com"]
[Source "ChessBase"]
[SourceQuality "1"]
[WhiteTeam "Linz"]
[BlackTeam "Maria Saal"]
[TimeControl "40/5400+30:1800+30"]

1. e4 e5 2. Nf3 Nc6 3. Bb5 a6 4. Ba4 Nf6 5. O-O b5 6. Bb3 Bc5 7. c3 d6 8. d4 Bb6 9. Be3 Bg4 10. Nbd2 exd4 11. cxd4 Nxd4 12. Bxd4 Bxd4 {[%emt 0:00:05] [#]} 13. Bxf7+ Kxf7 14. Qb3+ Kf8 ({Black should try} 14... d5 $1 $14) 15. Nxd4 $16 Qe8 (15... c5 $16) 16. h3 $18 Bd7 17. Rfe1 Qf7 18. Qa3 Kg8 19. e5 dxe5 20. Rxe5 Re8 21. Rae1 {[%emt 0:00:54][%cal Ba1e1,Be1e5,Be5e7,Be7c7][%mdl 32] [#] aiming for Rxe8+.} Rxe5 22. Rxe5 {[%emt 0:00:02][%cal Oe5e7] Threatens to win with Re7!} h6 23. Re7 (23. Qxa6 $6 Kh7) 23... Qg6 (23... b4 24. Qxb4 (24. Qxa6 $2 Qxe7 25. Qd3 c5 $19) 24... Qg6 25. Qc4+ Kh7) 24. N4f3 (24. Qxa6 Bxh3 25. g3 (25. Nxb5 $2 Qxg2#) 25... Kh7 $16) (24. N2f3 $142 {Black must now prevent Ne5.} Qb1+ 25. Kh2 (25. Re1 Qg6 $18)) 24... Bc6 25. Qxa6 Nh5 $2 (25... Nd5 26. Re4 (26. Ne5 Qf6 $14) 26... Qf6) 26. Nh4 ({Weaker is} 26. Rxc7 Nf4 27. g3 (27. Qxc6 $2 Qxg2#) (27. Qc8+ Kh7 $18) 27... Bd5 28. Rc8+ (28. Qxb5 Kh7 $18) 28... Kh7 29. Qxg6+ (29. Qxb5 $2 {loses.} Rxc8 30. Kh2 Rc2 $19) 29... Nxg6 30. Rxh8+ Kxh8 $18) 26... Qg5 (26... Qf6 {was worth a try.}) 27. Rxc7 Qxd2 28. Qc8+ Kh7 29. Qf5+ {[%emt 0:00:06] Black did not feel at home in the position after the opening.   Weighted Error Value: White=0.29 (precise) /Black=0.85.  Mistake:       	White=1     	Black=6      Inaccurate:     	---       	Black=1      OK:         	White=6     	Black=4      Best:        	White=4     	Black=1      Brilliant:      	White=1     	---} 1-0

[Event "BL 2024-25"]
[Site "Austria"]
[Date "2024.10.12"]
[Round "4.19"]
[White "Kozak, Adam"]
[Black "Vitouch, Anatol"]
[Result "1-0"]
[Annotator "TA"]
[ECO "A19"]
[WhiteElo "2600"]
[BlackElo "2287"]
[PlyCount "111"]
[EventDate "2024.08.28"]
[EventType "team-tourn"]
[EventCountry "AUT"]
[SourceTitle "playchess.com"]
[Source "ChessBase"]
[SourceQuality "1"]
[WhiteTeam "Fuerstenfeld-Hartberg"]
[BlackTeam "Pamhagen"]
[TimeControl "40/5400+30:1800+30"]

1. c4 c5 2. Nc3 Nf6 3. e4 Nc6 4. g3 e6 5. f4 d5 6. e5 d4 7. exf6 dxc3 8. bxc3 {[%emt 0:04:15] The position is equal.} Qxf6 9. Bg2 e5 10. Ne2 Bf5 (10... Bd6 $11 {remains equal.}) 11. fxe5 $1 $16 Qxe5 (11... Nxe5 $2 12. O-O $18) 12. O-O (12. Bxc6+ bxc6 13. O-O Be7 $11 (13... Bd3 14. Re1 $15)) 12... Bg4 {[%emt 0:10:44] [#]} 13. Qa4 $1 Bd7 (13... Bxe2 $2 14. Bxc6+ Kd8 15. Rxf7 $18 (15. Bxb7 Bxf1 16. Bxa8 Bd3 $16)) 14. Nf4 Bd6 15. Rb1 Nd8 (15... Rb8 $142) 16. Qd1 {[%emt 0:02:09] White is more active.} O-O 17. d4 $1 (17. Bxb7 $2 Nxb7 18. Rxb7 Bc6 $19) 17... cxd4 18. cxd4 Qa5 19. c5 (19. Bxb7 Nxb7 20. Rxb7 Bc8 $11) 19... Bxf4 20. Bxf4 (20. gxf4 Re8 $14) 20... Rc8 (20... Bc6 $16 {might work better.}) 21. Qd2 (21. Bxb7 Nxb7 22. Rxb7 Bc6 $11) 21... Qxd2 22. Bxd2 b6 {[%emt 0:03:29] Black is weak on the dark squares} 23. cxb6 axb6 24. Rxb6 Rc2 25. Bb4 Re8 26. a3 Ne6 27. Rd6 Bb5 28. Re1 {[%emt 0:00:12] And now d5 would win.} Rec8 29. h4 Rb2 30. Bb7 Rb8 31. Be4 g5 (31... Rb3 $14) 32. hxg5 (32. Rb1 $16 Rxb1+ 33. Bxb1) 32... Nxg5 $14 33. Bg2 {[%emt 0:00:09] Dodges Nh3+. This pair of bishops is nice.} Be2 (33... Kg7 $14) 34. Rf6 $16 Bg4 35. Re5 Nh3+ {[%emt 0:00:58] [#]} 36. Bxh3 $1 Bxh3 37. Rg5+ Kh8 38. Rxf7 Rg8 39. Rxg8+ (39. Rf8 $18 Rxf8 40. Bxf8 Rg2+ 41. Kh1) 39... Kxg8 $18 {[%emt 0:00:06][%mdl 4096] Endgame. KRB-KRB} 40. Rf8+ Kg7 41. Rf3 Rg2+ 42. Kh1 {[%emt 0:00:17][%cal Og3g4] Black must now prevent g4!} Ra2 {[%emt 0:00:47] Threatens to win with ...Bg2+.} 43. Rd3 Bg2+ 44. Kg1 {[%emt 0:00:03] Hoping for d5.} Bd5 45. Re3 Kf6 46. Kf1 Bc4+ {[%emt 0:02:29] [#]} 47. Ke1 $1 Kf5 48. Re5+ Kg4 $2 (48... Kf6 $16 {is more resistant.} 49. Rc5 Bd3 50. Rc6+ Kf5) 49. d5 {[%emt 0:02:28][%cal Bd4d5,Bd5d6][%mdl 32] Strongly threatening Re4+.} Bb3 50. d6 Ba4 {[%emt 0:00:44] Inhibits d7.} 51. Re7 Kf3 52. Rf7+ ({Not} 52. Rxh7 Re2+ 53. Kf1 Re5 $16) 52... Ke3 (52... Kxg3 $142 53. d7 (53. Rxh7 Kf3 $18) 53... Bxd7 54. Rxd7 h5) 53. Re7+ (53. Rxh7 $2 Ra1#) (53. Bc5+ $142 Kd3 54. d7 (54. Rxh7 Re2+ 55. Kf1 Re5 $18) 54... Bxd7 55. Rxd7+ Kc4 56. Bd6) 53... Kf3 54. Rf7+ $2 ({Resist} 54. Rxh7 $6 Re2+ 55. Kf1 Re5 $16) (54. g4) 54... Ke3 $1 55. Bc5+ (55. Rxh7 $2 Ra1#) 55... Ke4 56. Rf4+ {[%emt 0:00:12] Weighted Error Value: White=0.27 (precise) /Black=0.46.  Loses game:     	---       	Black=1      Mistake:       	White=3     	Black=6      Inaccurate:     	White=1     	Black=1      OK:         	White=16    	Black=13     Best:        	White=6     	Black=4      Strong:       	White=4     	Black=1} 1-0